 Dungeon Sprint DCSS version 0.28.0-45-g0d030f2227 (webtiles) character file.

Game seed: 10967267065808784093

21458 Baz the Scorcher (level 12, 0/110 HPs)
             Began as a Pale Draconian Fire Elementalist on Apr 5, 2022.
             Was the Champion of Sif Muna.
             Succumbed to Edmund's curare-tipped dart
             ... in the Dungeon (Sprint III: "The Ten Rune Challenge").
             The game lasted 00:33:57 (7782 turns).

Baz the Scorcher (Pale Draconian Fire Elementalist) Turns: 7782, Time: 00:33:58

Health: 0/110      AC:  8    Str: 12    XL:     12   Next: 54%
Magic:  12/30      EV: 15    Int: 19    God:    Sif Muna [******]
Gold:   488        SH:  0    Dex: 12    Spells: 4/40 levels left

rFire   + . .      SeeInvis +   f - +1 long sword (holy)
rCold   + . .      Faith    .   (no shield)
rNeg    . . .      Spirit   .   (armour unavailable)
rPois   .          Reflect  .   s - +0 hat
rElec   .          Harm     .   r - scarf {rC+ rF+}
rCorr   .          Rampage  .   (no gloves)
Will    .....      NoTele   +   (no boots)
Stlth   ++........              (no amulet)
HPRegen 0.28/turn               (no ring)
MPRegen 0.22/turn               (no ring)

@: lethally poisoned (0 -> -2), hasted and slowed, studying Fire Magic
A: breathe steam, AC +8, unfitting armour, cold-blooded, steam resistance, see
invisible
a: Breathe Steam, Renounce Religion, Channel Magic, Forget Spell, Divine
Exegesis


You were in the Dungeon.
You worshipped Sif Muna.
Sif Muna was exalted by your worship.
You visited 1 branch You collected 848 gold pieces.
You spent 360 gold pieces at shops.

Inventory:

Hand Weapons
 f - a +1 long sword of holy wrath (weapon)
 g - a +3 quarterstaff of chaos
Armour
 h - a +0 cloak
 r - a scarf of resistance (worn)
 s - a +0 hat (worn)
 y - an orb of energy
Wands
 d - a wand of iceblast (3)
 p - a wand of flame (16)
 w - a wand of mindburst (18)
Scrolls
 j - a scroll of torment
 m - a scroll of holy word
 n - 2 scrolls of brand weapon {unknown}
 t - a scroll of fear {unknown}
 x - a scroll of blinking
Potions
 b - a potion of lignification {unknown}
 c - a potion of haste
 e - a potion of berserk rage
 i - 2 potions of mutation
 l - a potion of flight
 o - a potion of brilliance {unknown}
 q - 2 potions of might
 u - a potion of attraction {unknown}
 v - a potion of cancellation {unknown}


   Skills:
 + Level 11.4 Fighting
 - Level 8.5 Dodging
 - Level 1.8 Stealth
 + Level 14.7 Spellcasting
 + Level 13.5 Conjurations
 - Level 6.4 Necromancy
 + Level 15.5 Fire Magic
 - Level 11.1 Air Magic
 - Level 12.1 Earth Magic
 + Level 7.3 Invocations


You had 4 spell levels left.
You knew the following spells:

 Your Spells              Type           Power      Damage    Failure   Level
a - Starburst             Conj/Fire      31%        6d9       1%          6
b - Fireball              Conj/Fire      31%        3d13      1%          5
c - Conjure Flame         Conj/Fire      62%        6-21      1%          3
d - Flame Wave            Conj/Fire      62%        2d12      1%          4
e - Inner Flame           Hex/Fire       43%        N/A       1%          3
f - Stone Arrow           Conj/Erth      100%       3d13      1%          3
g - Borgnjor's Vile Clut  Necr/Erth      24%        N/A       2%          5
h - Freezing Cloud        Conj/Ice/Air   22%        6-21      4%          5
i - Scorch                Fire           100%       2d10      0%          2

Your spell library contained the following spells:

 Spells                   Type           Power      Damage    Failure   Level
 Foxfire                  Conj/Fire      100%       2x1d9     0%          1
 Animate Skeleton         Necr           76%        N/A       1%          1
 Magic Dart               Conj           100%       1d8       1%          1
 Sandblast                Erth           100%       2d20      1%          1
 Shock                    Conj/Air       100%       1d9       1%          1
 Poisonous Vapours        Pois/Air       70%        N/A       1%          2
 Searing Ray              Conj           100%       2d8       1%          2
 Static Discharge         Conj/Air       57%        N/A       1%          2
 Dazzling Flash           Conj/Hex       78%        N/A       1%          3
 Ignite Poison            Fire/Tmut/Pois 33%        N/A       1%          3
 Mephitic Cloud           Conj/Pois/Air  45%        N/A       1%          3
 Swiftness                Air            54%        N/A       1%          3
 Vampiric Draining        Necr           38%        2d8       1%          3
 Airstrike                Air            27%        N/A       1%          4
 Sticky Flame             Conj/Fire      62%        2d8       1%          4
 Fulminant Prism          Conj/Hex       19%        3d11      2%          4
 Dispel Undead            Necr           38%        3d16      3%          4
 Leda's Liquefaction      Hex/Erth       18%        N/A       3%          4
 Petrify                  Tmut/Erth      37%        N/A       3%          4
 Apportation              Tloc           26%        N/A       4%          1
 Slow                     Hex            52%        N/A       4%          1
 Sting                    Tmut/Pois      52%        1d5       4%          1
 Summon Small Mammal      Summ           52%        N/A       4%          1
 Summon Lightning Spire   Summ/Air       35%        N/A       4%          4
 Blink                    Tloc           26%        N/A       7%          2
 Ensorcelled Hibernation  Hex/Ice        26%        N/A       7%          2
 Wereblood                Tmut           13%        N/A       7%          2
 Confusing Touch          Hex            13%        N/A       14%         3
 Summon Guardian Golem    Hex/Summ       13%        N/A       14%         3
 Teleport Other           Tloc           13%        N/A       14%         3
 Ice Form                 Ice/Tmut       13%        N/A       41%         4
 Summon Ice Beast         Ice/Summ       13%        N/A       41%         4
 Iskenderun's Battlesphe  Conj           60%        2d11      1%          5
 Lee's Rapid Deconstruct  Erth           28%        3d16*     1%          5
 Lightning Bolt           Conj/Air       28%        1d45      1%          5
 Iron Shot                Conj/Erth      29%        9d6       3%          6
 Conjure Ball Lightning   Conj/Air       28%        3x3d8     4%          6
 Irradiate                Conj/Tmut      19%        3d20      8%          5
 Silence                  Hex/Air        17%        N/A       13%         5
 Orb of Destruction       Conj           30%        9d10      16%         7
 Ignition                 Fire           32%        3d10      45%         8
 Statue Form              Tmut/Erth      24%        N/A       52%         6
 Blade Hands              Tmut           6%         N/A       77%         5
 Metabolic Englaciation   Hex/Ice        6%         N/A       77%         5
 Summon Mana Viper        Hex/Summ       13%        N/A       77%         5
 Yara's Violent Unravell  Hex/Tmut       6%         3d5       77%         5
 Lehudib's Crystal Spear  Conj/Erth      29%        10d8      85%         8
 Dragon Form              Tmut           6%         N/A       100%        7
 Enfeeble                 Hex            6%         N/A       100%        7
 Monstrous Menagerie      Summ           6%         N/A       100%        7
 Discord                  Hex            6%         N/A       100%        8
 Infestation              Necr           19%        N/A       100%        8
 Chain Lightning          Conj/Air       28%        3d38      100%        9
 Fire Storm               Conj/Fire      31%        8d8       100%        9


Dungeon Overview and Level Annotations

Branches:
Dungeon (1/1)

Altars:
Dithmenos
Elyvilon
Fedhas
Kikubaaqudgha
Okawaru
Ru
Sif Muna
Trog
Uskayaw
Vehumet
Wu Jian
Yredelemnul
Zin
The Shining One
Beogh

Shops:
D [

Annotations:
D exclusion: door, Edmund, Lernaean hydra, Sigmund


Innate Abilities, Weirdness & Mutations

You can breathe blasts of scalding, opaque steam.
Your pale cyan-grey scales are hard. (AC +8)
You cannot fit into any form of body armour.
You are cold-blooded and may be slowed by cold attacks.
You are immune to the effects of steam.
You have supernaturally acute eyesight. (SInv)


Message History

Unknown command.
You struggle against the net.
You feel very sick.
You struggle against the net.
You feel very sick.
You struggle against the net.
You feel sick.
Casting: Freezing Cloud (dangerous; 4% risk of failure)
Confirm with . or Enter, or press ? or * to list all spells.
Aiming: Freezing Cloud (dangerous; 4% risk of failure)
Press: ? - help, Dir - move target You feel sick.
Sigmund mumbles some strange words.
Sigmund flickers and vanishes!
Deactivating autopickup; reactivate with Ctrl-A.
Unknown command.
You rip the net and break free!
You feel sick.
You feel sick.
Edmund is engulfed in freezing vapours.
Casting: Freezing Cloud (dangerous; 4% risk of failure)
Confirm with . or Enter, or press ? or * to list all spells.
Aiming: Borgnjor's Vile Clutch (dangerous; 2% risk of failure)
Press: ? - help, Shift-Dir - straight line Zombie hands grab Edmund.
The zombie hands constrict Edmund!
You feel sick.
Edmund is engulfed in freezing vapours.
Edmund throws a curare-tipped dart.
The curare-tipped dart misses you.
You hear some strange, mumbled words.
A lance of force appears from out of thin air!
The lance of force hits you!
* * * LOW HITPOINT WARNING * * *
You are knocked back by the lance of force.
You slam into the rock wall!
* * * LOW HITPOINT WARNING * * *
You avoid being caught in a net.
Unknown command.
Unknown command.
It was a potion of mutation.
You feel extremely strange.
Your vision sharpens.
Reactivating autopickup.
The zombie hands constrict Edmund.
You die...

###.######.# ##._#..#...+
#.........## #........##
#........## #))##.#.∩.##
#)####..##.#
#)###########################
#....#.#.#.....#@.....'...≈≈#
##)#..#.##.###.#....^^#...≈≈###
)##)#.#.##)#.)##......#.†.≈≈≈≈#
#[))#..#..##..'..^^...#...≈≈≈≈#
▓▓▓▓▓▓▓▓▓▓▓▓▓▓#§@§....#.......#
..).....≈≈≈...#§§@^..^#.......#
≈≈≈≈≈≈≈≈≈≈♣♣..'§§^....#.......#
.....♣♣♣♣♣♣♣..#..^....#########
.....♣ ♣♣♣##'######


You could see Edmund (clutched) and Sigmund (invisible).

Vanquished Creatures
  Rupert (D)
  Gastronok (D)
  2 dire elephants (D)
  3 hydras (D)
  Erolcha (D)
  4 death yaks (D)
  Urug (D)
  A death drake (D)
  A spriggan druid (D)
  2 swamp dragons (D)
  A lindwurm (D)
  A deep elf pyromancer (D)
  2 black mambas (D)
  2 elephants (D)
  2 cane toads (D)
  A komodo dragon (D)
  A rime drake (D)
  A queen bee (D)
  3 wandering mushrooms (D)
  2 tyrant leeches (D)
  8 blink frogs (D)
  2 spriggans (D)
  A shadow (D)
  5 redbacks (D)
  2 hydra simulacra (D)
  3 swamp drakes (D)
  A necrophage (D)
  5 two-headed ogres (D)
  A water elemental (D)
  32 killer bees (D)
  An electric eel (D)
  3 orc priests (D)
  A jelly (D)
  Crazy Yiuf (D)
  A wizard (D)
  A necromancer (D)
  4 orc wizards (D)
  A polar bear simulacrum (D)
  A wolf simulacrum (D)
  A kobold demonologist (D)
  3 humans (D)
  11 orcs (D)
  2 endoplasms (D)
  2 rats (D)
126 creatures vanquished.

Vanquished Creatures (collateral kills)
  25 foxfires (D)
25 creatures vanquished.

Vanquished Creatures (others)
  98 foxfires (D)
  14 plants (D)
112 creatures vanquished.

Grand Total: 263 creatures vanquished

Notes
Turn   | Place    | Note
-------+----------+-------------------------------------------
     0 | D        | Baz the Draconian Fire Elementalist began the quest for the
                  | Orb.
     0 | D        | Reached XP level 1. HP: 14/14 MP: 3/3
   262 | D        | Noticed Crazy Yiuf
   280 | D        | Killed Crazy Yiuf
   281 | D        | Reached skill level 4 in Fire Magic
   281 | D        | Reached XP level 2. HP: 25/25 MP: 0/6
   281 | D        | Reached XP level 3. HP: 30/30 MP: 0/7
   350 | D        | Learned a level 2 spell: Scorch
   478 | D        | Noticed a water elemental
   484 | D        | Killed a water elemental
   485 | D        | Reached skill level 5 in Fire Magic
   485 | D        | Reached XP level 4. HP: 32/41 MP: 0/10
   575 | D        | Learned a level 3 spell: Conjure Flame
   584 | D        | Learned a level 4 spell: Flame Wave
   584 | D        | Found a radiant altar of Vehumet.
   591 | D        | Found a shimmering blue altar of Sif Muna.
   591 | D        | Noticed a wizard
   595 | D        | Noticed a neqoxec
   597 | D        | Noticed a soul eater
   597 | D        | Killed a wizard
   597 | D        | Noticed an ice devil
   598 | D        | Reached skill level 5 in Fighting
   598 | D        | Found an ancient bone altar of Kikubaaqudgha.
   606 | D        | Reached skill level 5 in Spellcasting
   606 | D        | Reached skill level 5 in Conjurations
   606 | D        | Reached skill level 6 in Fire Magic
   606 | D        | Reached XP level 5. HP: 45/48 MP: 10/12
   615 | D        | Became a worshipper of Sif Muna the Loreminder
   630 | D        | Learned a level 3 spell: Inner Flame
   630 | D        | Found a glowing silver altar of Zin.
   631 | D        | Found a glowing golden altar of the Shining One.
   631 | D        | Found a white marble altar of Elyvilon.
   631 | D        | Noticed a deep elf pyromancer
   636 | D        | Noticed a fire elemental
   636 | D        | Noticed a fire elemental
   637 | D        | Noticed a fire elemental
   639 | D        | Killed a deep elf pyromancer
   640 | D        | Reached skill level 9 in Fire Magic
   640 | D        | Reached XP level 6. HP: 18/61 MP: 2/16
   640 | D        | Your scales start taking on a pale cyan-grey colour.
   640 | D        | Reached skill level 10 in Fire Magic
   640 | D        | Reached XP level 7. HP: 20/67 MP: 2/17
   640 | D        | Gained mutation: You are immune to the effects of steam.
                  | [Pale Draconian growth]
   882 | D        | Found a basalt altar of Yredelemnul.
   882 | D        | Found a shadowy altar of Dithmenos.
   882 | D        | Found a sacrificial altar of Ru.
   891 | D        | Reached * piety under Sif Muna
   892 | D        | Reached skill level 11 in Fire Magic
  1073 | D        | Found a hide-covered altar of Uskayaw.
  1073 | D        | Found an iron altar of Okawaru.
  1073 | D        | Found a bloodstained altar of Trog.
  1073 | D        | Found an ornate altar of the Wu Jian Council.
  1073 | D        | Noticed a human
  1073 | D        | Noticed a human
  1206 | D        | Killed a human
  1207 | D        | Reached skill level 1 in Invocations
  1258 | D        | Killed a human
  1336 | D        | Noticed a shadow
  1346 | D        | Reached ** piety under Sif Muna
  1347 | D        | Reached XP level 8. HP: 75/75 MP: 13/19
  1351 | D        | Reached skill level 12 in Fire Magic
  1438 | D        | Reached *** piety under Sif Muna
  1544 | D        | Noticed a two-headed ogre
  1550 | D        | Killed a two-headed ogre
  1616 | D        | Noticed a two-headed ogre
  1616 | D        | Noticed Erolcha
  1622 | D        | Killed Erolcha
  1623 | D        | Reached skill level 10 in Fighting
  1623 | D        | Reached skill level 13 in Fire Magic
  1623 | D        | Reached skill level 5 in Invocations
  1623 | D        | Reached XP level 9. HP: 85/85 MP: 8/21
  1626 | D        | Killed a two-headed ogre
  1626 | D        | Reached **** piety under Sif Muna
  1627 | D        | Reached skill level 14 in Fire Magic
  1866 | D        | Noticed a wandering mushroom
  2128 | D        | Noticed a wandering mushroom
  2130 | D        | Noticed a wandering mushroom
  2140 | D        | Killed a wandering mushroom
  2141 | D        | Reached skill level 10 in Conjurations
  2146 | D        | Killed a wandering mushroom
  2230 | D        | Killed a wandering mushroom
  2371 | D        | Reached ***** piety under Sif Muna
  2381 | D        | Received a gift from Sif Muna
  2418 | D        | Got Sif Muna's Incunabulum of Stones {god gift}
  2488 | D        | Learned a level 3 spell: Stone Arrow
  2494 | D        | Learned a level 5 spell: Borgnjor's Vile Clutch
  2567 | D        | Received a gift from Sif Muna
  2568 | D        | Got Sif Muna's Compendium of the Feathery Snowflakes {god
                  | gift}
  2575 | D        | Learned a level 5 spell: Freezing Cloud
  2647 | D        | Found Qugaorro's Armour Shop.
  2688 | D        | Bought a scarf of resistance for 320 gold pieces
  2688 | D        | Bought a +0 hat for 40 gold pieces
  2864 | D        | Noticed a cane toad
  2864 | D        | Noticed a komodo dragon
  2864 | D        | Noticed a cane toad
  2870 | D        | Killed a cane toad
  2870 | D        | Killed a cane toad
  2871 | D        | Reached skill level 10 in Spellcasting
  2871 | D        | Reached XP level 10. HP: 77/94 MP: 16/24
  2876 | D        | Noticed a lindwurm
  2883 | D        | Killed a lindwurm
  2889 | D        | Received a gift from Sif Muna
  2982 | D        | Reached skill level 5 in Dodging
  2982 | D        | Reached skill level 5 in Air Magic
  2984 | D        | Reached ****** piety under Sif Muna
  2985 | D        | Reached skill level 5 in Earth Magic
  3207 | D        | Learned a level 5 spell: Fireball
  3244 | D        | Noticed an elephant
  3244 | D        | Noticed an elephant
  3251 | D        | Noticed a dire elephant
  3381 | D        | Killed an elephant
  3381 | D        | Killed an elephant
  3599 | D        | Noticed Gastronok
  3608 | D        | Killed Gastronok
  3609 | D        | Reached XP level 11. HP: 79/101 MP: 3/26
  3755 | D        | Noticed a dire elephant
  3974 | D        | Killed a dire elephant
  3974 | D        | Received a gift from Sif Muna
  3975 | D        | Got Sif Muna's Almanac of Shape Shifting and Feathers {god
                  | gift}
  4375 | D        | Killed a dire elephant
  4703 | D        | Noticed an azure jelly
  4703 | D        | Noticed an azure jelly
  4703 | D        | Noticed an azure jelly
  4704 | D        | Noticed an azure jelly
  4706 | D        | Noticed Rupert
  4715 | D        | Paralysed by Rupert for 4 turns
  4722 | D        | Killed Rupert
  5006 | D        | Noticed Urug
  5012 | D        | Killed Urug
  5013 | D        | Reached skill level 10 in Air Magic
  5362 | D        | Noticed a six-headed hydra
  5362 | D        | Noticed a seven-headed hydra
  5368 | D        | Killed a seven-headed hydra
  5368 | D        | Received a gift from Sif Muna
  5369 | D        | Killed a six-headed hydra
  5441 | D        | Got Sif Muna's Catalogue of the Destructive Compass {god
                  | gift}
  5450 | D        | Learned a level 6 spell: Starburst
  5554 | D        | Noticed a death drake
  5560 | D        | Killed a death drake
  5561 | D        | Reached skill level 10 in Earth Magic
  6672 | D        | Noticed a death yak
  6672 | D        | Noticed a death yak
  6676 | D        | Noticed a death yak
  6676 | D        | Received a gift from Sif Muna
  6679 | D        | Got Ligh's Reference Book on Transformation {god gift}
  6679 | D        | Killed a death yak
  6679 | D        | Noticed a death yak
  6681 | D        | Killed a death yak
  6684 | D        | Killed a death yak
  6685 | D        | Reached XP level 12. HP: 108/108 MP: 15/29
  6685 | D        | Killed a death yak
  6685 | D        | Received a gift from Sif Muna
  6687 | D        | Got Yrad's Almanac of Weightlessness {god gift}
  7046 | D        | Reached skill level 5 in Necromancy
  7239 | D        | Noticed an eight-headed hydra
  7243 | D        | Killed an eight-headed hydra
  7364 | D        | Noticed the 27-headed Lernaean hydra
  7394 | D        | Found a blossoming altar of Fedhas.
  7398 | D        | Received a gift from Sif Muna
  7399 | D        | Got Sif Muna's Reference Book on Darkness and Ignition {god
                  | gift}
  7539 | D        | Reached skill level 15 in Fire Magic
  7539 | D        | Received a gift from Sif Muna
  7546 | D        | Received a gift from Sif Muna
  7549 | D        | Received a gift from Sif Muna
  7750 | D        | Got Sif Muna's Reference Book on Dark Conjuration {god
                  | gift}
  7750 | D        | Got Sif Muna's Tome of the Compass and Shape Shifting {god
                  | gift}
  7750 | D        | Got Sif Muna's Volume of Hexes and Intoxication {god gift}
  7770 | D        | Noticed Sigmund
  7770 | D        | Noticed Edmund
  7781 | D        | HP: 1/110 [something (17)]
  7782 | D        | Gained mutation: You have supernaturally acute eyesight.
                  | (SInv) [potion of mutation]
  7782 | D        | Succumbed to Edmund's curare-tipped dart

Illustrated notes

Levels and vault maps discovered:
D:        dungeon_sprint_mu [sprint_mu_entry_forest, sprint_mu_temple_rooms,
          sprint_mu_d1_spiders, sprint_mu_d2_genie, sprint_mu_d3_branching,
          sprint_mu_orc_legion, sprint_mu_elf_gauntlet, sprint_mu_hive_nellie,
          sprint_mu_lair_fedhas, sprint_mu_vaults_butterflies,
          sprint_mu_slime_circle, sprint_mu_swamp_cave, sprint_mu_shoals_archi,
          sprint_mu_blade_basic, sprint_mu_crypt_lich, sprint_mu_tomb_spiral,
          sprint_mu_vestibule_basic, sprint_mu_gehenna_hellfire,
          sprint_mu_dis_giant, sprint_mu_tartarus_statrot,
          sprint_mu_cocytus_islands, sprint_mu_zot1]

Skill      XL: |  1  2  3  4  5  6  7  8  9 10 11 12 |
---------------+-------------------------------------+-----
Fighting       | 2 4 5 7 8 10 11 | 11.4
Spellcasting   | 3 4 5 7 8 10 11 13 14 | 14.7
Conjurations   | 2 4 5 7 8 9 10 12 13 | 13.5
Fire Magic     | 4 5 6 9 10 11 13 14 15 | 15.5
Invocations    | 2 5 7 |  7.3
Dodging        | 3 7 8 |  8.5
Air Magic      | 3 8 11 | 11.1
Earth Magic    | 2 7 11 12 | 12.1
Necromancy     | 3 6 |  6.4
Stealth        | |  1.8

Action                   |  1- 3 |  4- 6 |  7- 9 | 10-12 || total
-------------------------+-------+-------+-------+-------++-------
Melee: Quarterstaff      |     2 |     4 |       |       ||     6
       Tailslap          |     1 |       |     2 |     1 ||     4
       Long sword        |       |       |    11 |     7 ||    18
 Cast: Foxfire           |    19 |     1 |    46 |    12 ||    78
       Scorch            |     4 |     7 |    52 |    11 ||    74
       Conjure Flame     |       |     1 |     7 |       ||     8
       Flame Wave        |       |       |     6 |    13 ||    19
       Stone Arrow       |       |       |       |    30 ||    30
       Freezing Cloud    |       |       |       |    17 ||    17
       Borgnjor's Vile C |       |       |       |    11 ||    11
       Fireball          |       |       |       |    16 ||    16
       Starburst         |       |       |       |     4 ||     4
Invok: Forget Spell      |       |       |       |     1 ||     1
 Abil: Breathe Steam     |       |       |     4 |     4 ||     8
  Use: Potion            |       |     2 |       |     9 ||    11
       Scroll            |       |     1 |       |     2 ||     3
 Stab: Sleeping          |       |     1 |       |     1 ||     2
Armor: Skin              |       |     4 |    13 |    18 ||    35
Dodge: Dodged            |       |     6 |    16 |    61 ||    83
